Unix NetHack Version 5.0.0-0 post-release - last build May 17 2026 04:57:42 (dc50c8380fa5e20985bfe3072449f57b8d9895ef,branch:main).

Game began 2026-05-18 12:23:26, ended 2026-05-19 05:19:16.

2932467751, lawful male human Samurai

                                                              -----
                                                              |...--
                                                              |....--- |
                                                           -----)...<..|
                                               --.         -.......-----
                                               |..      ---..---...| ---
                                         |     |.- ------...-- |-..--....
                                 ---------.-----.---.......-.---......-  |
       |     ---.....      --    |.............*..^...`......[(..........|
       -......*........................h......................`..>..%-----
                   |..............G.....G..G.)@.......................-
                   --........................--.-------..------...............|
                   |....................----. ...     #..|   ................--
                   --...  - -- ---.... -   .......   ....(  ---..............-
                                .....      ..............--   |...............|
                             -.....       ------.....-----    ---.|.---......--
                             |..---             ....-           -----  -...---
                             ---               |....|                   -..|
                                               --.---                    ---
                                                ---
2932467751 the Ronin   St:16 Dx:17 Co:18 In:13 Wi:9 Ch:6  Lawful
Dlvl:6  $:26 HP:0(38) Pw:10(10) AC:4  Xp:4 T:616 

Latest messages:
 The gnome wields a bow!
 You kill the gnome!
 The gnome swings her bow.
 The gnome hits!
 You kill the gnome!
 You have a little trouble lifting 10 arrows.  Continue? [ynq] (q) q
 You have trouble lifting a gnome lord corpse.  Continue? [ynq] (q) q
 You hear crashing rock.
 You feel your magical energy drain away!
 You fall into a pit!
 You land on a set of sharp iron spikes!
 You are still in a pit.
 You crawl to the edge of the pit.
 You hear crashing rock.
 You hear crashing rock.
 You hear crashing rock.
 You descend the stairs.
 You hit the gnome.
 You kill the gnome!
 You see here 3 darts.
 You kill the gnome!
 The gnome picks up a gem.
 The gnome just misses!
 You kill the gnome!
 You have a little trouble lifting a key.  Continue? [ynq] (q) q
 You miss the dwarf.
 The dwarf swings his pick-axe.
 The dwarf hits!
 You hit the dwarf!
 You kill the dwarf!
 Click!  You trigger a rolling boulder trap!
 The boulder hits the gnome!
 The gnome is killed!
 You are hit by a boulder!
 The gnome wields a crossbow!
 The crossbow welds itself to the gnome's hand!
 The gnome shoots 2 poisoned crossbow bolts!
 The 1st poisoned crossbow bolt hits the gnome.
 The gnome is killed!
 The 2nd poisoned crossbow bolt hits the gnome!
 The poison was deadly...
 The gnome is killed!
 The gnome shoots 2 poisoned crossbow bolts!
 You are hit by the 1st poisoned crossbow bolt.
 The poison was deadly...
 Do you want your possessions identified? [ynq] (y) y
 Do you want to see your attributes? [ynq] (y) y
 Do you want an account of creatures vanquished? [ynaq] (y) y
 Do you want to see your conduct and achievements? [ynq] (y) y
 Do you want to see the dungeon overview? [ynq] (y) y

Inventory:
 Coins    ('$')
  $ - 26 gold pieces
 Weapons  (')')
  d - 27 +0 ya (in quiver)
  c - a blessed +0 yumi
  g - 4 +0 darts
  n - a +0 elven dagger
  a - a +0 katana (weapon in right hand)
  b - a +0 wakizashi (alternate weapon; not wielded)
 Armor    ('[')
  h - an uncursed +0 orcish helm
  k - an uncursed +0 dwarvish cloak
  e - an uncursed rustproof +0 splint mail (being worn)
 Comestibles  ('%')
  i - an uncursed fox corpse
 Scrolls  ('?')
  j - an uncursed scroll of identify
  f - 2 cursed scrolls of identify
 Tools    ('(')
  l - an uncursed skeleton key
 Gems/Stones  ('*')
  m - an uncursed worthless piece of red glass

2932467751 the Samurai's attributes:

Background:
 You were a Ronin, a level 4 male human Samurai.
 You were lawful, on a mission for Amaterasu Omikami
 who was opposed by Raijin (neutral) and Susanowo (chaotic).
 You were right-handed.
 You were in the Gnomish Mines, on level 6.
 You entered the dungeon 616 turns ago.
 It was nighttime.
 There was a new moon in effect when your adventure ended.
 You had 126 experience points, 34 more were needed to attain level 5.

Basics:
 You had 0 out of 38 hit points.
 You had all 10 energy points (spell power).
 Your armor class was 4.
 Your wallet contained 26 zorkmids.
 Autopickup was off.

Final Characteristics:
 Your strength was 16 (limit:18/100).
 Your dexterity was 17 (limit:18).
 Your constitution was 18 (limit:18).
 Your intelligence was 13 (limit:18).
 Your wisdom was 9 (limit:18).
 Your charisma was 6 (limit:18).

Final Status:
 You weren't hungry.
 You were unencumbered.
 You were wielding a long sword.
 You had basic skill with long sword.

Final Attributes:
 You were fervently aligned.
 You were warded.
 You were fast.
 You are dead.

Miscellaneous:
 You didn't encounter any bones levels.
 Total elapsed playing time was 20 minutes and 51 seconds.

Major events:
 Turn
    1: 2932467751 the lawful male human Samurai entered the dungeon
  432: entered the Gnomish Mines
  454: attained the rank of Ronin (level 3)
  616: poisoned by a crossbow bolt

You didn't know any spells.

Skills:
 Fighting Skills
   martial arts      [Basic]
   two weapon combat [Unskilled]
   riding            [Unskilled]
 Weapon Skills
   dagger            [Unskilled]
   knife             [Unskilled]
   short sword       [Basic]
   broadsword        [Unskilled]
   long sword        [Basic]
   two-handed sword  [Unskilled]
   saber             [Unskilled]
   flail             [Unskilled]
   quarterstaff      [Unskilled]
   polearms          [Unskilled]
   spear             [Unskilled]
   lance             [Unskilled]
   bow               [Basic]
   shuriken          [Unskilled]
 Spellcasting Skills
   attack spells     [Unskilled]
   divination spells [Unskilled]
   clerical spells   [Unskilled]

Voluntary challenges:
 Character rerolling was not enabled.
 You went without food.
 You were an atheist.
 You were illiterate.
 You never genocided any monsters.
 You never polymorphed an object.
 You never changed form.
 You used no wishes.
Achievements:
 You entered the Gnomish Mines.
 You attained the rank of Ronin.

 The Dungeons of Doom: levels 1 to 4
    Level 1:
    Level 2:
       A fountain.
    Level 3:
    Level 4:
       An altar to Amaterasu Omikami.
       Stairs down to The Gnomish Mines.
 The Gnomish Mines: levels 5 to 6
    Level 5:
    Level 6: <- You were here.
       Final resting place for
          you, poisoned by a crossbow bolt.


Vanquished creatures:
  a gnome leader
  a dwarf
  a hobbit
  a giant rat
 16 gnomes
  a fox
  a kobold
  a goblin
  2 grid bugs
  a lichen
26 creatures vanquished.

No species were genocided or became extinct.

Game over:
                       ----------
                      /          \
                     /    REST    \
                    /      IN      \
                   /     PEACE      \
                  /                  \
                  |    2932467751    |
                  |      26 Au       |
                  |  poisoned by a   |
                  |  crossbow bolt   |
                  |                  |
                  |                  |
                  |       2026       |
                 *|     *  *  *      | *
        _________)/\\_//(\/(/\)/\//\/|_)_______

Sayonara 2932467751 the Samurai...

You were poisoned in The Gnomish Mines on dungeon level 6 with 778 points,
and 26 pieces of gold, after 616 moves.
You were level 4 with a maximum of 38 hit points when you were poisoned.

